Map: Pillars of Gold LE

Players

uwuThermal (uThermal) - Winner!

  • Race: Terran Terran
  • League: Master
  • Spawn Location: 1:00

Trap

  • Race: Protoss Protoss
  • Spawn Location: 7:00

Event: War Chest Team League

VOD

Have the link to the VOD?

Description

Time

  • Played on: Aug. 9, 2020, 6:29 a.m.
  • Length: 14:18
Show
View Real Time Build Order
Export as new Build Order

uwuThermal Terran - Winner!

Build Orders: Reaper Expand 

Get SALT Encoding   

  12  0:00  SCV  
  13  0:12  SCV  
  14  0:17  Supply Depot  
  14  0:24  SCV  
  15  0:39  SCV  
  15  0:40  Barracks  
  16  0:45  Refinery  
  16  0:51  SCV  
  17  1:03  SCV  
  18  1:15  SCV  
  19  1:29  Reaper, Orbital Command  
  20  1:48  Command Center  
  20  1:55  SCV  
  21  2:02  Barracks Reactor  
  21  2:03  Supply Depot  
  21  2:07  SCV  
  22  2:19  SCV  
  23  2:23  Bunker  
  23  2:27  Factory  
  23  2:31  SCV  
  24  2:38  Marine  
  24  2:39  Marine  
  24  2:43  SCV  
  26  2:47  Refinery  
  26  2:56  SCV, Marine x2  
  29  3:01  Orbital Command  
  29  3:11  SCV  
  29  3:12  Hellion  
  32  3:14  Starport  
  32  3:16  Marine  
  32  3:19  Marine  
  34  3:26  SCV  
  34  3:29  SCV  
  34  3:35  Widow Mine  
  34  3:37  Marine x2  
  34  3:38  SCV  
  39  3:45  SCV  
  40  3:49  Supply Depot  
  40  3:50  Medivac  
  40  3:54  Marine  
  40  3:55  Marine  
  44  3:56  Supply Depot  
  44  3:57  Widow Mine  
  46  4:10  SCV  
  46  4:14  SCV  
  46  4:15  Supply Depot  
  46  4:16  Marine x2  
  50  4:23  Barracks  
  48  4:24  Barracks, Factory Tech Lab  
  48  4:25  Starport Tech Lab  
  48  4:27  SCV x2  
  50  4:33  Marine  
  50  4:34  Marine  
  50  4:38  Engineering Bay  
  52  4:39  SCV  
  52  4:40  SCV  
  52  4:44  Refinery  
  54  4:51  Marine  
  54  4:52  SCV  
  56  4:53  Marine  
  56  4:54  Factory Reactor  
  56  4:55  SCV  
  56  4:56  Starport Reactor  
  58  5:05  SCV  
  57  5:09  Marine  
  57  5:10  Terran Infantry Weapons Level 1  
  57  5:11  SCV  
  59  5:19  SCV  
  59  5:20  Supply Depot  
  62  5:21  Marauder  
  62  5:23  Stimpack  
  62  5:24  Marauder  
  62  5:27  SCV  
  65  5:28  Combat Shield  
  65  5:30  Marine  
  65  5:33  Marine  
  67  5:37  Supply Depot  
  67  5:39  SCV  
  67  5:40  SCV  
  71  5:43  Marauder  
  71  5:45  Marauder  
  71  5:48  Medivac, Marine  
  76  5:51  Medivac  
  76  5:56  Supply Depot  
  78  5:58  Marine  
  78  5:59  Widow Mine x2  
  78  6:03  Supply Depot, Marine  
  83  6:04  SCV x2  
  83  6:10  Marine  
  86  6:17  Marauder, Marine  
  89  6:21  Widow Mine x2  
  89  6:22  Supply Depot  
  89  6:24  Medivac  
  89  6:25  Medivac  
  97  6:28  Marauder, Marine  
  100  6:34  Supply Depot  
  100  6:35  Marine  
  101  6:44  Marauder  
  103  6:47  Command Center  
  103  6:58  Marauder  
  103  6:59  Barracks  
  103  7:01  Barracks  
  105  7:03  Concussive Shells  
  105  7:05  Marauder  
  105  7:06  Terran Infantry Armor Level 1  
  107  7:15  Marine  
  107  7:20  Medivac x2, Marauder  
  114  7:24  Supply Depot, Marine  
  114  7:25  Refinery  
  115  7:31  Marauder  
  115  7:33  Marine  
  118  7:46  SCV x2, Starport  
  118  7:49  Marine x2  
  118  7:50  Marauder, Barracks Tech Lab  
  124  7:51  Supply Depot  
  124  7:53  Marauder  
  126  7:59  Viking, SCV x2  
  130  8:06  Viking  
  130  8:10  Supply Depot, Marauder  
  130  8:11  SCV, Supply Depot  
  135  8:17  Armory  
  135  8:19  SCV, Engineering Bay  
  136  8:22  Marine  
  136  8:23  Marauder  
  136  8:26  Orbital Command  
  139  8:28  Marine  
  140  8:35  Viking  
  140  8:36  SCV, Barracks Tech Lab  
  133  8:44  Marauder, Marine  
  133  8:46  Marauder, Marine  
  138  8:48  Viking  
  138  8:50  SCV  
  138  8:52  SCV  
  138  8:53  SCV  
  138  8:54  Marine  
  144  9:01  Marine  
  144  9:02  SCV, Supply Depot  
  146  9:05  Supply Depot, Marauder  
  146  9:09  SCV  
  149  9:13  Viking x2  
  149  9:15  Terran Infantry Weapons Level 2  
  152  9:21  Terran Infantry Armor Level 2, Marine  
  153  9:27  SCV  
  153  9:29  Supply Depot, Refinery, Marine  
  153  9:30  Refinery, Marine  
  156  9:32  Marine  
  156  9:33  Marauder  
  160  9:38  Supply Depot  
  160  9:40  SCV  
  160  9:42  Missile Turret x2  
  160  9:43  Marine  
  160  9:45  Missile Turret  
  161  9:47  Marine x2  
  161  9:48  Marauder  
  161  9:52  Viking  
  166  10:00  Ghost Academy  
  166  10:01  Terran Ship Weapons Level 1  
  166  10:02  Marine  
  166  10:03  Marauder  
  169  10:09  Marine  
  169  10:10  Marauder x2  
  174  10:14  Viking  
  174  10:17  Missile Turret  
  174  10:21  Viking  
  176  10:33  Viking x2  
  176  10:35  Marine  
  176  10:37  Marine  
  180  10:56  Viking  
  184  11:01  Marine x2  
  184  11:08  Unknown x3, Marauder x2  
  188  11:18  Viking  
  188  11:19  Viking, Unknown, Marauder  
  188  11:22  Marine  
  195  11:27  Marine  
  196  11:35  Marauder  
  196  11:36  Unknown  
  196  11:37  Terran Infantry Weapons Level 3  
  196  11:40  Marine  
  196  11:46  Marauder  
  197  11:52  Marauder  
  196  11:58  Viking  
  197  12:03  Marine  
  197  12:09  Viking, Marine  
  197  12:11  Marauder x2  
  197  12:12  Viking, Marauder  
  197  12:13  Marine  
  187  12:21  Marine  
  164  12:27  Marine  
  153  12:31  Medivac, Marauder  
  153  12:32  Marauder  
  153  12:33  Marauder, Marine  
  153  12:37  Liberator  
  153  12:39  Marine  
  153  12:40  Medivac  
  153  12:43  Medivac  
  152  12:44  Marine  
  142  12:52  Marauder  
  142  12:53  Marauder  
  142  12:54  Marauder, Marine  
  142  12:57  Marine  
  143  13:00  Orbital Command  
  143  13:01  Medivac  
  143  13:03  Marine  
  144  13:10  Medivac  
  144  13:12  Marauder  
  144  13:13  Medivac, Marauder, Marine  
  144  13:15  Marauder  
  139  13:21  Marine  
  139  13:23  Marine  
  139  13:24  Liberator  
  137  13:32  Marauder  
  137  13:33  Marauder  
  141  13:34  Marauder  
  141  13:36  Marine  
  141  13:39  Marine  
  143  13:46  Medivac  
  143  13:48  Marine  
Show
View Real Time Build Order
Export as new Build Order

Trap Protoss 

Build Orders: 1 Gate Expand, Blink Stalkers, Colossus Rush 

Get SALT Encoding   

  12  0:00  Probe  
  13  0:12  Probe  
  14  0:18  Pylon  
  14  0:24  Probe (Chrono Boost)  
  15  0:36  Probe (Chrono Boost)  
  15  0:40  Gateway  
  16  0:45  Probe (Chrono Boost)  
  17  0:51  Probe  
  17  0:56  Assimilator  
  18  1:03  Probe  
  19  1:15  Probe  
  20  1:26  Cybernetics Core  
  20  1:39  Nexus  
  20  1:45  Pylon  
  20  1:48  Probe  
  21  1:54  Assimilator  
  21  2:00  Probe  
  21  2:01  Adept (Chrono Boost)  
  24  2:11  Shield Battery  
  24  2:13  Probe  
  25  2:18  Warp Gate  
  25  2:22  Adept (Chrono Boost)  
  24  2:27  Probe  
  27  2:38  Twilight Council  
  27  2:43  Probe (Chrono Boost)  
  28  2:51  Probe (Chrono Boost)  
  30  2:59  Probe (Chrono Boost)  
  30  3:00  Probe (Chrono Boost)  
  30  3:05  Probe x2  
  31  3:10  Robotics Facility  
  33  3:17  Probe  
  33  3:18  Probe  
  33  3:19  Blink (Chrono Boost)  
  33  3:29  Probe (Chrono Boost)  
  33  3:31  Probe (Chrono Boost)  
  36  3:41  Probe (Chrono Boost)  
  36  3:42  Gateway  
  36  3:47  Probe (Chrono Boost)  
  35  3:48  Probe (Chrono Boost)  
  35  3:53  Gateway  
  35  3:54  Probe  
  37  3:55  Probe  
  37  3:57  Observer  
  39  4:05  Stalker  
  40  4:10  Probe (Chrono Boost)  
  40  4:12  Probe (Chrono Boost)  
  41  4:18  Assimilator  
  41  4:19  Observer  
  41  4:21  Pylon  
  41  4:22  Probe (Chrono Boost), Assimilator  
  44  4:27  Probe (Chrono Boost)  
  44  4:28  Probe (Chrono Boost)  
  44  4:29  Pylon  
  45  4:34  Probe  
  45  4:35  Pylon  
  46  4:39  Probe  
  46  4:40  Stalker x2  
  52  4:47  Stalker  
  52  4:48  Robotics Bay  
  52  4:49  Probe  
  52  4:52  Probe  
  55  4:53  Observer  
  56  5:11  Probe x2  
  56  5:14  Nexus  
  58  5:17  Observer  
  58  5:28  Stalker  
  58  5:29  Stalker x2  
  64  5:37  Forge  
  64  5:40  Colossus (Chrono Boost)  
  64  5:43  Pylon  
  70  5:52  Pylon  
  70  5:55  Extended Thermal Lance  
  70  6:01  Probe x2  
  70  6:03  Pylon  
  72  6:13  Probe x2, Colossus (Chrono Boost)  
  72  6:16  Protoss Ground Weapons Level 1 (Chrono Boost)  
  80  6:25  Shield Battery  
  80  6:26  Probe x2  
  80  6:27  Probe  
  83  6:34  Stalker x2  
  83  6:36  Gateway  
  87  6:40  Charge  
  87  6:43  Gateway  
  87  6:48  Gateway  
  87  6:52  Pylon  
  87  6:57  Colossus (Chrono Boost)  
  93  7:02  Probe  
  93  7:03  Probe x2  
  93  7:07  Pylon  
  96  7:15  Observer  
  96  7:16  Sentry  
  96  7:17  Zealot  
  96  7:18  Probe x3  
  103  7:26  Observer  
  103  7:31  Pylon  
  103  7:32  Pylon, Zealot x2  
  103  7:35  Probe x3  
  110  7:44  Sentry x2, Zealot x2  
  110  7:49  Probe x3, Assimilator  
  110  7:50  Assimilator  
  125  7:51  Immortal (Chrono Boost)  
  125  7:54  Stalker x2  
  125  7:58  Pylon  
  129  8:05  Assimilator  
  128  8:11  Robotics Facility  
  126  8:14  Protoss Ground Weapons Level 2 (Chrono Boost)  
  126  8:17  Zealot x4  
  126  8:18  Zealot x2  
  138  8:24  Disruptor (Chrono Boost)  
  141  8:28  Gateway  
  141  8:30  Gateway  
  141  8:34  Pylon  
  141  8:35  Pylon  
  139  8:43  Stalker x3  
  145  8:48  Probe x3  
  145  8:53  Observer  
  148  8:56  Disruptor x2 (Chrono Boost)  
  148  8:59  Shield Battery  
  154  9:08  Nexus, Observer  
  154  9:12  Templar Archives  
  154  9:14  Pylon  
  154  9:18  Observer  
  154  9:19  Photon Cannon  
  154  9:23  Disruptor (Chrono Boost)  
  154  9:25  Warp Prism (Chrono Boost)  
  159  9:31  Gravitic Drive  
  159  9:37  Photon Cannon  
  159  9:45  Zealot x4  
  167  9:50  Pylon  
  167  9:51  Zealot x2  
  171  10:08  Dark Shrine, Disruptor x2  
  171  10:09  Forge  
  171  10:10  High Templar x2  
  171  10:13  Shield Battery  
  181  10:16  Shield Battery  
  181  10:19  Archon  
  181  10:20  Probe x3  
  181  10:21  Probe  
  185  10:35  Protoss Ground Weapons Level 3 (Chrono Boost)  
  183  10:36  Probe x3  
  183  10:38  Protoss Ground Armor Level 1 (Chrono Boost)  
  183  10:40  Zealot  
  183  10:41  Zealot x3  
  186  10:52  Probe x4  
  186  10:55  Pylon  
  188  11:04  High Templar x2  
  188  11:06  Zealot x2  
  188  11:08  Gateway  
  188  11:10  Gateway x2  
  194  11:11  Stalker  
  196  11:26  Disruptor (Chrono Boost)  
  199  11:38  Photon Cannon  
  199  11:39  Photon Cannon  
  187  11:51  Dark Templar x5  
  195  12:02  Stalker, Nexus  
  195  12:07  Zealot x2  
  195  12:08  Zealot  
  117  12:24  Zealot x3, Dark Templar x2  
  119  12:31  Zealot x3, Dark Templar  
  115  12:38  Probe  
  115  12:39  Probe x2  
  97  12:47  Stalker x3  
  89  12:54  Zealot x2  
  89  12:55  Zealot  
  90  13:03  Robotics Facility  
  90  13:04  Zealot  
  83  13:11  Zealot  
  83  13:12  Zealot x2  
  77  13:19  Stalker x3  
  74  13:27  Stalker  
  76  13:29  Archon x2  
  76  13:30  Zealot x2  
  76  13:31  Zealot  
  80  13:43  Zealot x3  
  83  13:51  Zealot x4  
  93  14:06  Stalker x3  
Tags
 
Add a new tag
Caveats
  • Supply blocks, unpowered buildings, or Contaminate may cause inaccurate times.
  • Supply counts are checked every 10 seconds.